 Dungeon Crawl Stone Soup version 0.30-a0-718-geaa24f58ff (webtiles) character file.

Game seed: 11796509034904932691

2160 sokol815 the Shooter (level 8, -8/68 HPs)
             Began as a Demigod Hunter on Jan 25, 2023.
             Mangled by an orc knight
             ... wielding a +0 halberd
              (12 damage)
             ... in a bailey.
             The game lasted 00:16:37 (6675 turns).

sokol815 the Shooter (Demigod Hunter)               Turns: 6675, Time: 00:16:38

Health: -8/68      AC: 11    Str: 12    XL:     8   Next: 85%
Magic:  0/10       EV: 16    Int: 11    God:
Gold:   365        SH:  0    Dex: 25    Spells: 7/7 levels left

rFire   . . .      SeeInvis .    a - +3 shortbow
rCold   . . .      Faith    .    (shield currently unavailable)
rNeg    . . .      Spirit   +    H - +0 steam dragon scales
rPois   +          Reflect  .    p - +0 helmet
rElec   .          Harm     .    o - scarf {repulsion}
rCorr   .          Rampage  .    g - +2 pair of gloves of Contentment {Slay+2}
Will    .....                    E - +1 pair of boots
Stlth   ++++                     w - amulet of guardian spirit
HPRegen 0.31/turn                z - ring of poison resistance {rPois, !d}
MPRegen 0.12/turn                u - ring of flight {+Fly, !d}

@: flying, repel missiles
A: high MP 1, forlorn, divine attributes
a: no special abilities


You were in a bailey.
You visited 1 branch of the dungeon, and saw 7 of its levels.
You also visited: Sewer and Bailey.

You collected 365 gold pieces.

Inventory:

Hand Weapons
 a - a +3 shortbow (weapon)
 d - a +0 short sword
   (You found it on level 1 of the Dungeon)
 y - a +0 hand axe of freezing
   (You took it off an orc on level 3 of the Dungeon)
 B - a +0 whip of flaming
   (You took it off a kobold on level 4 of the Dungeon)
 C - a +2 short sword of venom
   (You took it off a kobold on level 4 of the Dungeon)
 N - a +2 halberd of electrocution
   (You took it off a gnoll in a bailey)
Missiles
 f - a silver boomerang
 n - 10 boomerangs
 r - a throwing net {!d}
 s - 70 stones
 t - 3 javelins
 A - 8 poisoned darts
Armour
 c - a +0 robe of positive energy
   (You found it on level 6 of the Dungeon)
 g - the +2 pair of gloves of Contentment (worn) {Slay+2}
   (You acquired it on level 5 of the Dungeon)

   Slay:      It affects your accuracy & damage with ranged weapons and melee
   (+2).
 i - a +2 chain mail of poison resistance
   (You found it in a sewer)
 o - a scarf of repulsion (worn)
   (You found it on level 4 of the Dungeon)
 p - a +0 helmet (worn)
   (You took it off Robin on level 2 of the Dungeon)
 x - a scarf of harm
   (You found it on level 3 of the Dungeon)
 E - a +1 pair of boots (worn)
   (You found it on level 5 of the Dungeon)
 H - +0 steam dragon scales (worn)
   (You found it on level 5 of the Dungeon)
Magical Staves
 J - a staff of poison {rPois}
   (You found it on level 6 of the Dungeon)
Jewellery
 m - a ring of resist corrosion
   (You found it on level 1 of the Dungeon)
 u - a ring of flight (right hand) {+Fly, !d}
   (You found it on level 3 of the Dungeon)
 w - an amulet of guardian spirit (around neck)
   (You found it on level 3 of the Dungeon)
 z - a ring of poison resistance (left hand) {rPois, !d}
   (You found it on level 1 of the Dungeon)
 G - an amulet of magic regeneration
   (You found it on level 5 of the Dungeon)
Wands
 h - a wand of acid (12)
   (You found it on level 4 of the Dungeon)
 q - a wand of flame (15)
   (You took it off Robin on level 2 of the Dungeon)
Scrolls
 b - a scroll of brand weapon {unknown}
 l - 2 scrolls of amnesia
 v - a scroll of torment {!r}
 I - a scroll of noise {unknown}
 K - 2 scrolls of immolation {!r}
 O - a scroll of silence
 V - a scroll of vulnerability {!r!r}
 Y - 3 scrolls of teleportation {@r3}
Potions
 e - 2 potions of attraction {!q}
 k - 2 potions of cancellation
 D - a potion of heal wounds {unknown}
 F - 2 potions of invisibility {unknown}
 L - 5 potions of flight
 M - a potion of brilliance {unknown}
 P - 2 potions of lignification {!q}
 R - a potion of resistance
 U - 2 potions of mutation {!q}


   Skills:
 + Level 5.1 Fighting
 * Level 7.9 Ranged Weapons
 + Level 5.2 Dodging
 + Level 5.2 Stealth


You had 7 spell levels left.
You didn't know any spells.
Your spell library contained the following spells:

 Spells                   Type           Power      Damage    Failure   Level
 Sandblast                Erth           0%         2d4       34%         1
 Passwall                 Tmut/Erth      0%         N/A       47%         2
 Scorch                   Fire           0%         2d5       47%         2
 Ignite Poison            Fire/Tmut/Pois 0%         N/A       71%         3
 Kindle Blastsparks       Fire/Tloc/Air  0%         2d10      71%         3
 Stone Arrow              Conj/Erth      0%         3d7       71%         3
 Flame Wave               Conj/Fire      0%         2d4       98%         4
 Petrify                  Tmut/Erth      0%         N/A       98%         4
 Freezing Cloud           Conj/Ice/Air   0%         6-21      100%        5
 Metabolic Englaciation   Hex/Ice        0%         N/A       100%        5
 Statue Form              Tmut/Erth      0%         N/A       100%        6
 Summon Cactus Giant      Summ           0%         N/A       100%        6


Dungeon Overview and Level Annotations

Branches:
Dungeon (7/15) Zot: 26895  Temple (0/1) D:7           Sewer (visited)
 Bailey (1/1) Zot: 5823

Shops:
D:3 (   D:5 !


Innate Abilities, Weirdness & Mutations

You have an increased reservoir of magic. (+10% MP)
You shall have no god before yourself.
Your divine heritage dramatically boosts your attributes as you level up.


Message History

You see here a +2 halberd of electrocution.
There is an open door here.
You reach down and open the door.
An orc comes into view. It is wielding a +0 trident.
You shoot an arrow.
The arrow hits the orc but does no damage.
The orc shouts!
The orc misses you.
You shoot an arrow. The arrow closely misses the orc.
The orc barely misses you.
You shoot an arrow. The arrow hits the orc.
The orc hits you from afar with a +0 trident. x2
You take 10 damage, and have 58/68 hp.
You shoot an arrow. The arrow hits the orc!
You kill the orc!
You reach down and open the door.
A gnoll comes into view.
It is wielding a +2 halberd of electrocution.
Health restored: 68 Fire: a) +3 shortbow
Aim: a gnoll, wielding a +2 halberd of electrocution (asleep, 98% to hit)
You shoot an arrow. The arrow hits the gnoll.
The gnoll shouts!
The gnoll completely misses you.
Something unseen opens the door.
Fire: a) +3 shortbow
Aim: a gnoll, wielding a +2 halberd of electrocution (lightly wounded, 75% to hit)
You shoot an arrow. The arrow barely misses the gnoll.
You hear a shout!
The gnoll barely misses you.
A gnoll comes into view.
It is wielding a +0 halberd of draining.
Fire: a) +3 shortbow
Aim: a gnoll, wielding a +2 halberd of electrocution (lightly wounded, 75% to hit)
You shoot an arrow. The arrow barely misses the gnoll.
The gnoll closely misses you.
You shoot an arrow. The arrow hits the gnoll!
You kill the gnoll!
You shoot an arrow. The arrow hits the gnoll!
You kill the gnoll!
No target in view!
No target in view!
There is an open door here.
Things that are here:
a +0 halberd of draining; a +2 halberd of electrocution
N - a +2 halberd of electrocution
There is an open door here.
You reach down and open the door.
An orc knight and 3 gnolls come into view.
A gnoll is wielding a +0 halberd of electrocution.
A gnoll is wielding a +1 halberd of draining.
A gnoll is wielding a +0 halberd of draining.
The gnoll shouts! x3; The orc knight shouts!
Aim: an orc knight, wielding a +0 halberd (will become a moth of wrath, a two-headed ogre, or a boggart, chance to affect: 31%)
The orc knight easily resists.
You shoot an arrow. The arrow closely misses the gnoll.
The arrow hits the gnoll!
The gnoll hits you from afar with a +0 halberd of electrocution.
You take 3 damage, and have 65/68 hp.
You shoot an arrow. The arrow hits the gnoll!
You kill the gnoll!
You shoot an arrow. The arrow closely misses the gnoll.
The gnoll misses you.
You shoot an arrow. The arrow closely misses the gnoll.
The gnoll barely misses you.
Aim: a gnoll, wielding a +1 halberd of draining (almost dead, will become a goblin, a kobold, or a bullfrog, chance to affect: 57%)
The orc knight easily resists.
The orc knight hits you from afar with a +0 halberd!!
You take 20 damage, and have 46/68 hp.
MASSIVE DAMAGE!!
You now have 8/10 mp.
Aim: a gnoll, wielding a +1 halberd of draining (almost dead, will become a goblin, a kobold, or a bullfrog, chance to affect: 57%)
The orc knight easily resists.
The orc knight hits you from afar with a +0 halberd!
You take 12 damage, and have 34/68 hp.
You now have 6/10 mp.
Aim: a gnoll, wielding a +1 halberd of draining (almost dead, will become a goblin, a kobold, or a bullfrog, chance to affect: 57%)
The orc knight easily resists.
The now-empty wand crumbles to dust.
The orc knight hits you from afar with a +0 halberd.
You take 5 damage, and have 29/68 hp.
You now have 5/10 mp.
You are too injured to fight recklessly!
Fire: a) +3 shortbow
Aim: a gnoll, wielding a +1 halberd of draining (almost dead, 75% to hit)
You shoot an arrow. The arrow hits the orc knight!
The orc knight hits you from afar with a +0 halberd.
You take 5 damage, and have 24/68 hp.
You now have 4/10 mp.
Fire: a) +3 shortbow
Aim: a gnoll, wielding a +1 halberd of draining (severely wounded, 75% to hit)
You shoot an arrow. The arrow hits the orc knight!
The orc knight hits you from afar with a +0 halberd!
* * * LOW HITPOINT WARNING * * *
You take 9 damage, and have 15/68 hp.
You now have 2/10 mp.
Fire: a) +3 shortbow
Aim: an orc knight, wielding a +0 halberd (moderately wounded, 65% to hit)
You shoot an arrow. The arrow hits the orc knight.
The gnoll drinks a potion.
The gnoll seems to speed up.
The orc knight hits you from afar with a +0 halberd!
* * * LOW HITPOINT WARNING * * *
You take 14 damage, and have 1/68 hp.
MASSIVE DAMAGE!!
You now have 0/10 mp.
There is an open door, spattered with blood here.
You see here a +0 halberd of draining.
There is an open door here.
The orc knight hits you from afar with a +0 halberd!
You die...

##### ##)'.#
+##+##g###'#
#....g## #)g
#.....### g!.!
+..og.')# .⌠.!+
#.....### !.!.#
##...@.## !.!#
##'##'##'###+ +##+
#)###.###)#g# #'#
### ####
#)###)###)#.#
##'##'##'###+##+##+
##.....## #.....#
#.....#####.....#
+..⌠..')#)'..∩..+


You could see an orc knight and 3 gnolls.

Vanquished Creatures
  A steam dragon (D:5)
  Pargi (D:3)
  3 ice beasts (D:6)
  4 ogres
  A necrophage (D:6)
  A gnoll sergeant (D:6)
  4 scorpions
  5 jellies
  2 orc priests
  2 iguanas
  2 orc wizards
  A sickly merfolk siren (Sewer)
  A malarious merfolk avatar (Sewer)
  Robin (D:2)
  20 gnolls
  20 adders
  2 river rats
  A shadow imp (D:6)
  A white imp (D:6)
  An ufetubus (D:4)
  2 worms (D:4)
  A dart slug (D:2)
  22 orcs
  9 ball pythons
  4 bats
  3 endoplasms
  5 giant cockroaches
  17 goblins
  14 hobgoblins
  9 jackals
  12 kobolds
  6 quokkas
  14 frilled lizards
  20 rats
212 creatures vanquished.

Notes
Turn   | Place    | Note
-------+----------+-------------------------------------------
     0 | D:1      | sokol815 the Demigod Hunter began the quest for the Orb.
     0 | D:1      | Reached XP level 1. HP: 17/17 MP: 3/3
    46 | D:1      | Reached skill level 1 in Stealth
    46 | D:1      | Reached XP level 2. HP: 24/24 MP: 4/4
    56 | D:1      | Reached skill level 2 in Fighting
    56 | D:1      | Reached skill level 2 in Dodging
   253 | D:1      | Reached skill level 4 in Ranged Weapons
   801 | D:2      | Reached XP level 3. HP: 24/29 MP: 5/5
  1251 | D:2      | Noticed Robin
  1267 | D:2      | Killed Robin
  1270 | D:2      | Reached XP level 4. HP: 15/37 MP: 6/6
  1740 | D:2      | Reached skill level 2 in Stealth
  2093 | D:3      | Reached XP level 5. HP: 42/42 MP: 7/7
  2153 | D:3      | Noticed Pargi
  2171 | D:3      | Killed Pargi
  2172 | D:3      | Reached skill level 3 in Fighting
  2172 | D:3      | Reached skill level 5 in Ranged Weapons
  2172 | D:3      | Reached skill level 3 in Dodging
  2368 | D:3      | Reached XP level 6. HP: 44/51 MP: 8/8
  2620 | D:3      | Found Saquq's Weapon Shop.
  2985 | D:4      | Reached skill level 3 in Stealth
  3233 | D:4      | Found a glowing drain.
  3251 | Sewer    | Entered a sewer
  4277 | D:5      | Entered Level 5 of the Dungeon
  4303 | D:4      | Reached XP level 7. HP: 53/57 MP: 9/9
  4392 | D:4      | Reached skill level 6 in Ranged Weapons
  4743 | D:5      | Identified a scroll of acquirement
  4743 | D:5      | Acquired the +2 pair of gloves of Contentment {Slay+2}
  4824 | D:5      | Found Roaroe Anle's Distillery.
  4895 | D:5      | Reached skill level 4 in Fighting
  4895 | D:5      | Reached skill level 4 in Dodging
  4951 | D:5      | Reached skill level 4 in Stealth
  5232 | D:5      | Noticed a steam dragon
  5246 | D:5      | Killed a steam dragon
  5247 | D:5      | Reached XP level 8. HP: 44/67 MP: 6/10
  5433 | D:6      | Reached skill level 7 in Ranged Weapons
  5840 | D:6      | Reached skill level 5 in Stealth
  5888 | D:6      | Reached skill level 5 in Dodging
  5985 | D:6      | Reached skill level 5 in Fighting
  6481 | D:7      | Found a flagged portal.
  6503 | Bailey   | Entered a bailey
  6655 | Bailey   | Noticed an orc knight
  6665 | Bailey   | HP: 15/68 [orc knight/+0 halberd (10)]
  6666 | Bailey   | HP: 1/68 [orc knight/+0 halberd (14)]
  6675 | Bailey   | Mangled by an orc knight

Illustrated notes

Levels and vault maps discovered:
D:1:      lemuel_arrival_river_passageway, layout_basic
D:2:      minmay_chambers_of_twos, layout_loops_corners, basic_altar, uniq_robin
D:3:      layout_basic, serial_shops, nicolae_shop_behind_doors, uniq_pargi
D:4:      layout_basic, worldfamousw_hep_ancestral_shrine, slow_altar_2,
          gup_sewer_entry_bubbles
D:5:      layout_rooms, minitemple, serial_shops, shop_fountains,
          minmay_crystal_water, kennysheep_decorative_pillar, st_stairs_4
D:6:      layout_basic, nrook_loot_triangle
D:7:      layout_cave_pools, temple_statues, enter_bailey_5, st_stairs_9
Bailey:   bailey_polearm_nasty_gnolls, bailey

Skill      XL: |  1  2  3  4  5  6  7  8 |
---------------+-------------------------+-----
Stealth        | 1 2 3 4 5 |  5.2
Fighting       | 2 3 4 5 |  5.1
Dodging        | 2 3 4 5 |  5.2
Ranged Weapons | 4 5 6 7 |  7.9

Action                     |  1- 3 |  4- 6 |  7- 9 || total
---------------------------+-------+-------+-------++-------
  Melee: Short sword       |       |       |     1 ||     1
   Fire: Shortbow          |    77 |   280 |   219 ||   576
  Evoke: Wand              |       |       |     4 ||     4
    Use: Scroll            |       |     9 |     7 ||    16
         Potion            |       |     2 |       ||     2
 Armour: Leather armour    |     7 |    39 |    39 ||    85
         Steam dragon scal |       |       |    11 ||    11
  Dodge: Dodged            |    27 |    90 |   126 ||   243
         Repelled          |       |       |     1 ||     1

Table legend: (Time is in decaauts)
 A = Elapsed time spent in this place.
 B = Non-inter-level travel time spent in this place.
 C = Inter-level travel time spent in this place.
 D = Time resting spent in this place.
 E = Time spent auto-exploring this place.
 F = Levels seen in this place.
 G = Mean time per level.
                   A        B        C        D        E       F      G
               +--------+--------+--------+--------+--------+-----+--------+
         Total |   6901 |   6644 |    257 |    536 |   4487 |   9 |  766.8 |
       Dungeon |   6308 |   6051 |    257 |    527 |   4258 |   7 |  901.1 |
         Sewer |    417 |    417 |      0 |      0 |    164 |   1 |  417.0 |
        Bailey |    175 |    175 |      0 |      9 |     65 |   1 |  175.0 |
               +--------+--------+--------+--------+--------+-----+--------+

Top non-repeatable levels by time:
     D:4: 1601 daAuts
     D:2: 1221 daAuts
     D:6: 1068 daAuts
     D:3: 926 daAuts
     D:1: 779 daAuts
     D:5: 657 daAuts
   Sewer: 417 daAuts
  Bailey: 175 daAuts
     D:7: 53 daAuts

Table legend:
 A = Kills in this place as a percentage of kills in entire the game.
 B = Kills by you in this place as a percentage of kills by you in the entire game.
 C = Kills by friends in this place as a percentage of kills by friends in the entire game.
 D = Other kills in this place as a percentage of other kills in the entire game.
 E = Experience gained in this place as a percentage of experience gained in the entire game.
 F = Experience gained in this place divided by the number of levels of this place that you have seen.
                   A       B       C       D       E      F
               +-------+-------+-------+-------+-------+----------------------
         Total | 100.0 | 100.0 |   N/A |   N/A | 100.0 | 342.9
       Dungeon |  74.5 |  74.5 |   N/A |   N/A |  90.4 | 398.4
         Sewer |  18.9 |  18.9 |   N/A |   N/A |   5.1 | 156.0
        Bailey |   6.6 |   6.6 |   N/A |   N/A |   4.6 | 141.0
               +-------+-------+-------+-------+-------+----------------------
